 Dungeon Crawl Stone Soup version 0.26-b1-32-g5d43845318 (webtiles) character file.

Game seed: 9551916890285906092

115 theswoord the Insei (level 4, -4/34 HPs)
             Began as a Demonspawn Transmuter on Jan 12, 2021.
             Slain by an ogre
             ... wielding a +0 giant club
              (9 damage)
             ... on level 4 of the Dungeon.
             The game lasted 00:05:20 (3292 turns).

theswoord the Insei (Demonspawn Transmuter)         Turns: 3292, Time: 00:05:20

Health: -4/34      AC:  7    Str: 11    XL:     4   Next: 68%
Magic:  7/7        EV: 12    Int: 14    God:
Gold:   148        SH:  0    Dex: 12    Spells: 6/7 levels left

rFire    . . .     SeeInvis .     - Unarmed
rCold    . . .     Faith    .   (no shield)
rNeg     . . .     Spirit   .   a - +1 robe
rPois    .         Reflect  .   (helmet restricted)
rElec    .         Harm     .   (no cloak)
rCorr    .         Rampage  .   (no gloves)
Will     .....                  (no boots)
Stlth    +.........             (no amulet)
HPRegen  0.11/turn              f - ring of wizardry
MPRegen  0.10/turn              l - +4 ring of protection

@: no status effects
A: antennae 1, claws 1, hooves 1, blurry vision 1, clumsy 1
a: no special abilities


You were on level 4 of the Dungeon.
You visited 1 branch of the dungeon, and saw 4 of its levels.

You collected 148 gold pieces.

Inventory:

Armour
 a - a +1 robe (worn)
Jewellery
 f - a ring of wizardry (left claw)
 l - a +4 ring of protection (right claw)
Scrolls
 b - 2 scrolls of magic mapping
 c - a scroll of noise
 d - 2 scrolls of enchant armour
 j - 2 scrolls of identify
 n - a scroll of enchant weapon {unknown}
Potions
 e - a potion of curing
 g - a potion of ambrosia {unknown}
 h - 2 potions of lignification
 i - a potion of heal wounds
 k - a potion of attraction
 m - a potion of resistance


   Skills:
 + Level 2.7 Fighting
 - Level 1.7 Dodging
 + Level 3.6 Unarmed Combat
 - Level 2.0 Spellcasting
 + Level 2.9 Transmutations


You had 6 spell levels left.
You knew the following spells:

 Your Spells              Type           Power        Failure   Level
a - Beastly Appendage     Tmut           18%          2%          1

Your spell library contained the following spells:

 Spells                   Type           Power        Failure   Level
 Wereblood                Tmut           9%           4%          2
 Spider Form              Tmut/Pois      2%           16%         3
 Ice Form                 Ice/Tmut       5%           45%         4
 Blade Hands              Tmut           4%           58%         5


Dungeon Overview and Level Annotations

Branches:
Dungeon (4/15)             Temple (0/1) D:4

Altars:


Innate Abilities, Weirdness & Mutations

You have sharp fingernails.
You have large cloven feet.
You have a pair of small antennae on your head.
Scrolls take you a little longer to read.
You are clumsy. (Dex -2)


Message History

You sense a monster nearby.
No target in view!
No target in view!
No target in view!
You sense a monster nearby.
You open the door.
An ogre comes into view. It is wielding a +0 giant club.
The ogre shouts!
You hear a shout!
Found a gold wand.
An ogre is nearby!
An ogre is nearby!
An orc comes into view. It is wielding a +0 mace.
The ogre hits you with a +0 giant club!
There is an open door here.
You scratch the ogre but do no damage. The ogre hits you with a +0 giant club!
* * * LOW HITPOINT WARNING * * *
You scratch the ogre.
The ogre is lightly wounded.
The ogre hits you with a +0 giant club!
You die...

*,* #....>......###..≈P≈≈≈ *,****
#..#.#............≈≈≈≈
*,,,.#######..#.#..###.####..≈≈≈≈
*,,*..........#.#..###.####[.≈≈≈≈
*,,,..#####..............##..≈≈≈≈
,,,**+*,,,#+##.........#.##.P≈≈≈.
,***,,*,,,*,,###...###.#.#..≈≈≈P≈
**,*,,*,,,*,,#.##...##.......≈≈≈.
+,,*,,*,,,*,,#oO@.#....#.##.≈P≈≈.
**,*,,*,,,*,,#.##..(####.#..≈≈≈≈≈
,***,,*,,,*,,###......##.#..≈≈≈≈.
,,,****,,,***#...####.##....≈≈≈≈P
**,,,,**+**......# #.##....≈≈≈≈≈
****,,,,...#.##.####.##..≈.≈≈≈≈≈
**,**.#,#.##...........P≈≈≈≈≈
*,,,,,,#..............≈≈≈≈≈.
*****,,**#...........≈≈≈≈≈≈.


You could see an ogre and an orc.

Vanquished Creatures
  3 adders
  2 oozes
  A worm (D:3)
  2 dart slugs (D:2)
  5 leopard geckos
  A ball python (D:2)
  12 bats
  2 giant cockroaches
  5 goblins
  5 hobgoblins
  5 jackals
  A quokka (D:4)
  2 frilled lizards
  10 kobolds
  9 rats
65 creatures vanquished.

Notes
Turn   | Place    | Note
-------+----------+-------------------------------------------
     0 | D:1      | theswoord the Demonspawn Transmuter began the quest for the
                  | Orb.
     0 | D:1      | Reached XP level 1. HP: 15/15 MP: 3/3
   279 | D:1      | Lost mutation: You have razor-sharp toenails. [demonic
                  | ancestry]
   279 | D:1      | Lost mutation: You have sharp toenails. [demonic ancestry]
   279 | D:1      | Gained mutation: You have large cloven feet. [demonic
                  | ancestry]
   279 | D:1      | Reached XP level 2. HP: 9/21 MP: 3/5
   583 | D:1      | Reached skill level 3 in Unarmed Combat
  1217 | D:1      | Reached XP level 3. HP: 27/27 MP: 4/6
  1822 | D:2      | Gained mutation: Scrolls take you a little longer to read.
                  | [potion of mutation]
  1822 | D:2      | Gained mutation: You are clumsy. (Dex -2) [potion of
                  | mutation]
  1822 | D:2      | Gained mutation: You have a pair of small antennae on your
                  | head. [potion of mutation]
  1972 | D:2      | Gained mutation: You have sharp fingernails. [demonic
                  | ancestry]
  1972 | D:2      | Reached XP level 4. HP: 21/33 MP: 7/7
  3289 | D:4      | Noticed an ogre
  3292 | D:4      | Slain by an ogre

Skill      XL: |  1  2  3 |
---------------+----------+-----
Transmutations | 2 |  2.9
Unarmed Combat | 3 |  3.6
Fighting       | 2 |  2.7
Dodging        | |  1.7
Spellcasting   | |  2.0

Action                   |  1- 3 |  4- 6 || total
-------------------------+-------+-------++-------
Melee: Unarmed           |   142 |    71 ||   213
       Kick              |    20 |     8 ||    28
       Headbutt          |    10 |       ||    10
 Cast: Beastly Appendage |    17 |       ||    17
  Use: Potion            |     2 |       ||     2
       Scroll            |       |    10 ||    10
 Stab: Sleeping          |     1 |     2 ||     3
Armor: Robe              |    29 |    28 ||    57
Dodge: Dodged            |   113 |    33 ||   146

Levels and vault maps discovered:
D:1:      minmay_arrival_wavy_path, layout_basic, minmay_distorted
D:2:      layout_rooms
D:3:      layout_basic
D:4:      layout_loops_ring, minmay_temple_entry_water_ring, chequers_big_river,
          minmay_divided_ellipse
